 Dungeon Crawl Stone Soup version 0.31.0-32-g396128a36d (webtiles) character file.

Game seed: 8643991490289480717

1888 mainiacjoe the Covert (level 9, -5/51 HPs)
             Began as an Octopode Earth Elementalist on Mar 17, 2024.
             Was an Initiate of Dithmenos.
             Killed from afar by a steam dragon (15 damage)
             ... with a ball of steam
             ... on level 7 of the Dungeon.
             The game lasted 00:25:42 (5824 turns).

mainiacjoe the Covert (Octopode Earth Elementalist) Turns: 5824, Time: 00:25:43

Health: -5/51      AC:  5    Str: 13    XL:     9   Next: 15%
Magic:  5/12       EV: 13    Int: 22    God:    Dithmenos [......]
Gold:   110        SH:  0    Dex: 12    Spells: 2/13 levels left

rFire   . . .        a - +5 dagger
rCold   + . .        (no shield)
rNeg    + . .        (helmet restricted)
rPois   .            f - amulet of magic regeneration
rElec   +            g - ring of Undoing {rElec rC+ rN+ Str+6}
rCorr   .            o - +4 ring of protection
SInv    .            (no ring)
Will    .....        (no ring)
Stlth   +++++        (no ring)
HPRegen 0.28/turn    (no ring)
MPRegen 0.53/turn    (no ring)
                     (no ring)

%: no passive effects
@: no status effects
A: almost no armour, amphibious, 8 rings, camouflage 1, gelatinous body 1,
(nimble swimmer 1), tentacles
a: Renounce Religion


You were on level 7 of the Dungeon.
You worshipped Dithmenos.
Dithmenos was noncommittal.
You visited 2 branches of the dungeon, and saw 8 of its levels.
You also visited: Sewer.

You collected 350 gold pieces.
You spent 240 gold pieces at shops.

Inventory:

Hand Weapons
 a - a +5 dagger (weapon)
 b - a +2 dire flail of draining
 i - a +3 heavy war axe
 w - a +0 dagger of protection
 A - a +1 dagger of draining
 B - a +0 sling
 C - a +0 rapier
 F - a +1 short sword of draining
Missiles
 c - 40 stones
 v - 11 poisoned darts
Armour
 k - an orb of guile
Jewellery
 f - an amulet of magic regeneration (around mantle)
 g - the ring of Undoing (left tentacle) {rElec rC+ rN+ Str+6}
   (You acquired it on level 1 of the Dungeon)

   [ring of strength]

   Str+6:     It affects your strength (+6).
   rC+:       It protects you from cold.
   rElec:     It insulates you from electricity.
   rN+:       It protects you from negative energy.
 j - an amulet of the acrobat
 o - a +4 ring of protection (right tentacle)
Wands
 x - a wand of iceblast (7)
 y - a wand of flame (8)
 E - a wand of acid (5)
Scrolls
 n - 2 scrolls of revelation
 p - 2 scrolls of teleportation
 r - a scroll of fear
 s - a scroll of enchant armour
 t - 3 scrolls of poison
 u - a scroll of fog
 G - 2 scrolls of identify
Potions
 d - 3 potions of enlightenment
 e - 2 potions of magic
 h - 2 potions of mutation
 l - 2 potions of lignification
 m - 3 potions of curing
 q - a potion of brilliance
 z - 2 potions of ambrosia


   Skills:
 + Level 5.4 Short Blades
 - Level 2.1 Dodging
 - Level 10.0 Stealth
 - Level 2.5 Spellcasting
 + Level 5.2 Conjurations
 - Level 6.0 Earth Magic


You had 2 spell levels left.
You knew the following spells:

 Your Spells              Type           Power      Damage    Failure   Level
a - Sandblast             Erth           58%        2d13      1%          1
b - Brom's Barrelling Bo  Conj/Erth      27%        2d5       13%         4
c - Stone Arrow           Conj/Erth      54%        3d10      4%          3
z - Passwall              Erth           29%        N/A       3%          3

Your spell library contained the following spells:

 Spells                   Type           Power      Damage    Failure   Level
 Petrify                  Alch/Erth      15%        N/A       36%         4
 Animate Dead             Necr           2%         N/A       78%         4
 Haunt                    Necr/Summ      1%         N/A       100%        7
 Infestation              Necr           1%         N/A       100%        8


Dungeon Overview and Level Annotations

Branches:
Dungeon (7/15)             Temple (1/1) D:6           Sewer (visited)

Altars:
Ashenzari
Cheibriados
Dithmenos
Elyvilon
Fedhas
Gozag
Hepliaklqana
Kikubaaqudgha
Makhleb
Nemelex Xobeh
Okawaru
Qazlal
Ru
Sif Muna
Trog
Uskayaw
Wu Jian
Xom
Yredelemnul

Shops:
D:4 *


Innate Abilities, Weirdness & Mutations

You cannot wear most types of armour.
You are amphibious.
You can wear up to eight rings at the same time.
Your skin changes colour to match your surroundings (Stealth+).
Your rubbery body absorbs attacks. (AC +1, EV +1)
((You are camouflaged when in or above water. (Stealth+)))
You have tentacles for arms and can constrict up to eight enemies at once.


Message History

The steam dragon is severely wounded.
The steam dragon bites you.
The steam dragon claws you but does no damage.
The steam dragon bites you. The steam dragon barely misses you.
You closely miss the steam dragon.
The steam dragon is severely wounded.
The steam dragon barely misses you. x2
You hit the steam dragon.
You squeeze the steam dragon, but do no damage.
The steam dragon is severely wounded.
The steam dragon breathes steam at you. The ball of steam hits you!
You hit the steam dragon but do no damage.
The steam dragon is severely wounded.
You are engulfed in a cloud of scalding steam.
* * * LOW HITPOINT WARNING * * *
You hit the steam dragon.
You squeeze the steam dragon, but do no damage.
The steam dragon is severely wounded.
You are engulfed in a cloud of scalding steam.
* * * LOW HITPOINT WARNING * * *
The steam dragon bites you!
* * * LOW HITPOINT WARNING * * *
The steam dragon barely misses you.
You feel much better. The steam dragon barely misses you.
The steam dragon closely misses you.
The steam dragon attacks as it pursues you!
The steam dragon bites you.
* * * LOW HITPOINT WARNING * * *
The steam dragon claws you but does no damage.
Casting: Sandblast (safe; 1% risk of failure)
Confirm with . or Enter, or press ? or * to list all spells.
Aiming: Sandblast (safe; 1% risk of failure)
Press: ? - help, Shift-Dir - straight line, f/p - steam dragon
Aim: a steam dragon (severely wounded, 83% to hit)
The blast of sand hits the steam dragon but does no damage.
The steam dragon is severely wounded.
The steam dragon breathes steam at you. The ball of steam hits you!
You die...

#.....§..#'#######'#
##.....§............
#..§...............
+..§...............
##..§§.§............
#.....####......####
#.....# #......#
#.....# #<.....#
#.D@..# #......#
#.....# #......#
#.....# #......#
#.....# #......#
##....# #....###
#....# ##...# #...#


You could see a steam dragon (catching breath).

Vanquished Creatures
  Edmund (D:4)
  4 water moccasins
  Duvessa (D:6)
  An ice beast (D:5)
  2 ogres
  A phantom (D:5)
  A bullfrog (D:6)
  A scorpion (D:3)
  Dowan (D:6)
  A howler monkey (D:6)
  4 bombardier beetles
  2 hounds (D:6)
  A jelly (D:5)
  3 orc priests
  4 iguanas (D:5)
  A sleepcap (D:6)
  2 orc wizards
  5 adders
  5 gnolls
  A river rat (Sewer)
  A shadow imp (D:6)
  An ufetubus (D:5)
  2 ribbon worms
  A dart slug (D:3)
  10 orcs
  13 ball pythons
  9 endoplasms
  3 giant cockroaches
  6 goblins
  6 hobgoblins
  2 jackals (Sewer)
  3 kobolds
  5 quokkas
  17 bats
  4 frilled lizards
  7 rats
132 creatures vanquished.

Notes
Turn   | Place    | Note
-------+----------+-------------------------------------------
     0 | D:1      | mainiacjoe the Octopode Earth Elementalist began the quest
                  | for the Orb.
     0 | D:1      | Reached XP level 1. HP: 11/11 MP: 3/3
   156 | D:1      | Reached skill level 3 in Stealth
   156 | D:1      | Reached XP level 2. HP: 17/17 MP: 1/5
   847 | D:1      | Identified a scroll of acquirement
   847 | D:1      | Acquired the ring of Undoing {rElec rC+ rN+ Str+6}
  1097 | D:2      | Reached XP level 3. HP: 21/21 MP: 6/6
  1102 | D:2      | Learned a level 3 spell: Passwall
  1931 | D:3      | Noticed a scorpion
  1942 | D:3      | Killed a scorpion
  1943 | D:3      | Reached skill level 1 in Short Blades
  1943 | D:3      | Reached skill level 4 in Stealth
  1943 | D:3      | Reached XP level 4. HP: 14/27 MP: 4/7
  1947 | D:3      | Learned a level 3 spell: Stone Arrow
  2077 | D:3      | Reached XP level 5. HP: 31/31 MP: 6/8
  2288 | D:3      | Found an ancient bone altar of Kikubaaqudgha.
  2485 | D:3      | Reached skill level 5 in Stealth
  2634 | D:4      | Reached XP level 6. HP: 14/36 MP: 9/9
  2776 | D:4      | Noticed Edmund
  2807 | D:4      | Reached skill level 6 in Stealth
  2819 | D:4      | Found a broken altar of Ashenzari.
  2892 | D:4      | Found a glowing drain.
  2904 | Sewer    | Entered a sewer
  3009 | Sewer    | Reached skill level 5 in Earth Magic
  3101 | Sewer    | Reached XP level 7. HP: 41/41 MP: 10/10
  3751 | D:4      | Found a hazy altar of Hepliaklqana.
  3956 | D:4      | Found Ivulokh's Assorted Antiques.
  3959 | D:4      | Killed Edmund
  3979 | D:4      | Bought a jewelled wooden wand for 120 gold pieces
  3979 | D:4      | Bought a glass wand for 120 gold pieces
  4007 | D:5      | Entered Level 5 of the Dungeon
  4056 | D:5      | Reached skill level 7 in Stealth
  4181 | D:5      | Learned a level 4 spell: Brom's Barrelling Boulder
  4309 | D:5      | Found an iron altar of Okawaru.
  4368 | D:5      | Reached XP level 8. HP: 46/46 MP: 7/11
  4393 | D:5      | Reached skill level 8 in Stealth
  4977 | D:6      | Reached skill level 9 in Stealth
  5137 | D:6      | Found a blossoming altar of Fedhas.
  5230 | D:6      | Reached skill level 10 in Stealth
  5258 | D:6      | Found a staircase to the Ecumenical Temple.
  5277 | Temple   | Entered the Ecumenical Temple
  5368 | Temple   | Became a worshipper of Dithmenos the Shadowed
  5587 | D:6      | Noticed Dowan
  5598 | D:6      | Noticed Duvessa
  5692 | D:6      | Killed Duvessa
  5693 | D:6      | Reached XP level 9. HP: 50/51 MP: 3/12
  5694 | D:6      | Killed Dowan
  5695 | D:6      | Reached skill level 5 in Short Blades
  5814 | D:7      | Reached skill level 5 in Conjurations
  5821 | D:7      | HP: 1/51 [steam dragon (8)]
  5824 | D:7      | Killed from afar by a steam dragon

Illustrated notes

Levels and vault maps discovered:
D:1:      dpeg_arrival_three_same_balls, layout_basic, item_on_display_a
D:2:      layout_basic
D:3:      layout_basic, kiku_gazebo_garden_becter
D:4:      minmay_door_path, layout_basic, jmf_multi_god_temple2,
          cheibrodos_sewer_entry_bend, serial_shops,
          nicolae_shop_overgrown_old_shop, uniq_edmund
D:5:      layout_basic, marbit_many_paths
D:6:      cheibrodos_quashed, layout_rooms,
          mainiacjoe_overflow_concentric_impassable, temple_pool_b, uniq_duvessa
D:7:      layout_gridville, kennysheep_generic_room_10, uniq_jeremiah
Temple:   minmay_temple_curvy_branch

Skill      XL: |  1  2  3  4  5  6  7  8  9 |
---------------+----------------------------+-----
Stealth        | 3 4 5 6 7 10 | 10.0
Short Blades   | 1 2 3 4 5 |  5.4
Earth Magic    | 4 5 6 |  6.0
Conjurations   | 2 3 4 5 |  5.2
Dodging        | |  2.1
Spellcasting   | |  2.5

Action                     |  1- 3 |  4- 6 |  7- 9 || total
---------------------------+-------+-------+-------++-------
  Melee: Dagger            |     1 |    27 |    13 ||    41
         Tentacles         |       |     4 |     3 ||     7
         Constrict         |       |     1 |     2 ||     3
         Dire flail        |       |       |     3 ||     3
   Cast: Sandblast         |    57 |    54 |    48 ||   159
         Stone Arrow       |       |     1 |    42 ||    43
         Passwall          |       |       |     5 ||     5
    Use: Scroll            |    11 |     2 |     7 ||    20
         Potion            |       |     1 |     1 ||     2
   Stab: Sleeping          |     1 |     3 |     7 ||    11
 Armour: Skin              |     7 |    45 |    29 ||    81
  Dodge: Dodged            |     9 |    20 |    27 ||    56
